 Dungeon Crawl Stone Soup version 0.25-a0-577-ga4619f409e (webtiles) character file.

Game seed: 9616937264706040059, levelgen mode: deterministic

103754 Flugslaktarn the Severer (level 15, -4/146 HPs)
             Began as a Deep Dwarf Fighter on Mar 2, 2020.
             Was the Champion of Makhleb.
             Slain by a naga warrior
             ... wielding a cursed -2 scimitar
              (9 damage)
             ... on level 4 of the Snake Pit.
             The game lasted 00:13:48 (15350 turns).

Flugslaktarn the Severer (Deep Dwarf Fighter)      Turns: 15350, Time: 00:13:49

Health: -4/146     AC: 33    Str: 25    XL:     15   Next: 89%
Magic:  8/8        EV:  7    Int: 10    God:    Makhleb [******]
Gold:   271        SH: 13    Dex: 16    Spells: 14/14 levels left

rFire    . . .     SeeInvis .   I - +4 broad axe (vamp)
rCold    . . .     Gourm    .   b - +0 kite shield
rNeg     + . .     Faith    +   H - +0 plate armour
rPois    .         Spirit   .   f - +2 helmet
rElec    .         Reflect  .   s - +2 cloak
rCorr    .         Harm     .   L - +1 pair of gloves
MR       ++...                  p - +0 pair of boots (curse)
Stlth    ..........             J - amulet of faith
HPRegen  0.00/turn              v - +3 ring of evasion
MPRegen  0.11/turn              O - ring of Ecwyif {*Contam AC+3 Str+2 Dex+4 Stlth+}

@: lethally poisoned (-4 -> -4), non-regenerating, constricted
A: damage resistance, heal wounds, hooves 1, thin metallic scales 1, negative
energy resistance 1, sense surroundings 2, weak 1, no regeneration
a: Heal Wounds, Minor Destruction, Lesser Servant of Makhleb, Major Destruction,
Greater Servant of Makhleb, Renounce Religion


You were on level 4 of the Snake Pit.
You worshipped Makhleb.
Makhleb was exalted by your worship.
You were not hungry.

You visited 4 branches of the dungeon, and saw 24 of its levels.
You visited 1 bazaar.

You collected 1226 gold pieces.
You spent 955 gold pieces at shops.

Inventory:

Hand Weapons
 E - a +3 battleaxe of electrocution
   (You bought it in a shop on level 5 of the Dungeon)
 I - a +4 vampiric broad axe (weapon)
   (You took it off an orc warrior on level 10 of the Dungeon)
Armour
 b - a +0 kite shield (worn)
 f - a +2 helmet (worn)
   (You found it on level 6 of the Dungeon)
 p - a cursed +0 pair of boots (worn)
   (You found it on level 4 of the Dungeon)
 s - a +2 cloak (worn)
   (You found it on level 4 of the Dungeon)
 C - a scarf of resistance
   (You acquired it on level 13 of the Dungeon)
 H - a +0 plate armour (worn)
   (You found it on level 10 of the Dungeon)
 L - a +1 pair of gloves (worn)
   (You found it on level 1 of the Lair of Beasts)
 N - a scarf of repulsion
   (You found it on level 3 of the Snake Pit)
Jewellery
 a - the ring "Irusheki" {rF+ rN+ Str-4 Dex+2}
   (You found it on level 2 of the Snake Pit)

   [ring of positive energy]

   It affects your strength (-4).
   It affects your dexterity (+2).
   It protects you from fire.
   It protects you from negative energy.
 c - an uncursed ring of ice
   (You found it on level 12 of the Dungeon)
 i - an uncursed ring of see invisible
   (You took it off an orc on level 8 of the Dungeon)
 k - an uncursed ring of resist corrosion
   (You found it on level 2 of the Lair of Beasts)
 v - a +3 ring of evasion (left hand)
   (You found it on level 1 of the Lair of Beasts)
 J - an amulet of faith (around neck)
   (You found it on level 2 of the Snake Pit)
 O - the ring of Ecwyif (right hand) {*Contam AC+3 Str+2 Dex+4 Stlth+}
   (You bought it in a shop on level 5 of the Dungeon)

   [ring of protection]

   It affects your AC (+3).
   It affects your strength (+2).
   It affects your dexterity (+4).
   It causes magical contamination when unequipped.
   It makes you more stealthy.
 Q - an uncursed ring of protection from magic {unknown}
   (You found it on level 3 of the Snake Pit)
Wands
 y - a wand of paralysis (16)
   (You found it on level 8 of the Dungeon)
 D - a wand of acid (13)
   (You found it on level 1 of the Lair of Beasts)
 M - a wand of digging (14)
   (You took it off a wight on level 8 of the Dungeon)
 R - a wand of iceblast (11)
   (You found it on level 4 of the Lair of Beasts)
Scrolls
 j - 6 scrolls of magic mapping
 o - 3 scrolls of brand weapon
 r - a scroll of identify
 t - 6 scrolls of teleportation
 x - 8 scrolls of remove curse
 z - 3 scrolls of blinking
 G - a scroll of fear
 P - a scroll of holy word
Potions
 d - 5 potions of might
 g - a potion of degeneration
 h - 5 potions of haste
 l - 3 potions of invisibility
 n - 4 potions of flight
 q - 8 potions of curing
 u - 4 potions of lignification
 w - 2 potions of heal wounds
 A - 3 potions of magic
 B - a potion of cancellation
 F - a potion of stabbing
 K - a potion of brilliance
 S - 2 potions of ambrosia {unknown}
Comestibles
 e - 35 rations


   Skills:
 + Level 12.3 Fighting
 - Level 18.0 Axes
 + Level 14.4 Armour
 + Level 10.0 Shields
 + Level 14.0 Invocations


You had 14 spell levels left.
You didn't know any spells.
Your spell library was empty.

Dungeon Overview and Level Annotations

Branches:
Dungeon (15/15)            Temple (1/1) D:4            Lair (4/6) D:10
  Swamp (0/4) Lair:4        Snake (4/4) Lair:2          Orc (0/2) D:12
 Vaults (0/5) D:13
 Depths: D:15

Altars:
Ashenzari
Cheibriados
Dithmenos
Elyvilon
Fedhas
Gozag
Makhleb
Nemelex Xobeh
Qazlal
Ru
Sif Muna
Trog
Uskayaw
Vehumet
Wu Jian
Xom
Yredelemnul
Zin
The Shining One

Shops:
D:5 (=((!   D:7 *   D:8 ?   D:14 (:

Annotations:
D:9 exclusion: statue
D:10 3 runed translucent doors, Flugslaktarn's ghost, novice DDFi; sixsigma's ghost, novice MiFi
D:12 1 runed translucent door
Lair:3 exclusion: oklob plant
Lair:4 exclusion: 3 oklob plants


Innate Abilities, Weirdness & Mutations

You are resistant to damage.
You can heal yourself by infusing magical energy.
You resist negative energy. (rN+)
You passively map the area around you.
You do not regenerate.
You have large cloven feet.
You are partially covered in thin metallic scales. (AC +2)
You are weak. (Str -2)


Message History

You feel sick.
The naga warrior hits you with a cursed -2 scimitar.
* * * LOW HITPOINT WARNING * * *
The naga warrior constricts you.
You are too injured to fight recklessly!
You slash the naga warrior!
The naga warrior is severely wounded.
You feel sick.
You are too injured to fight recklessly!
The naga warrior blocks your attack.
The naga warrior is severely wounded.
You feel sick.
The naga warrior hits you with a cursed -2 scimitar!!
* * * LOW HITPOINT WARNING * * *
The naga warrior constricts you. The naga warrior blocks your attack.
The naga warrior is severely wounded.
You feel sick.
The naga warrior hits you with a cursed -2 scimitar!
You die...

######)$..†...##)()≈≈≈########§§≈
#.########.(≈≈≈###......###≈ #.#
##..§§§##..........## #.#
##..≈≈≈##............# #.#
##.§≈§≈##....######.... #(#
##..§≈≈##..)### ###.. #.#
#.§§§§##...##, , , ##. #.#
#.§§§§#...##, ≈≈≈, ##
#.###'#####@).# ≈≈ ≈≈,, #
#.##..##.NN#2##, ≈ ≈ #
#.##.##...N.## ≈≈ ≈ ≈ ,,
#.##.#.....(N# ≈≈≈ ≈ ≈ ≈,
#.##.#.......+ ≈ ≈≈ ≈,
#.##.#.......# ≈ ≈ #.##.##.....##
≈ ≈ ≈ ≈ , #.#^.###...## , ≈ ≈ ≈ ,
#.#.## ####* * ≈ ≈≈≈,


You could see 2 naga warriors, a naga ritualist and a friendly balrug.

Vanquished Creatures
  5 nagarajas (Snake:4)
  The ghost of Flugslaktarn the Severer, a journeyman DDFi of Makhleb (Snake:2)
  The ghost of Siyc the Party-goer, a journeyman DsWn of Uskayaw (Lair:4)
  13 naga warriors
  A centaur warrior (D:13)
  8 anacondas
  A catoblepas (Lair:4)
  10 two-headed ogres
  2 ogre magi
  4 naga sharpshooters
  A deep elf knight (D:13)
  10 shock serpents
  3 salamander mystics (Snake:4)
  4 unseen horrors
  4 naga ritualists
  A wizard (D:13)
  2 lindwurms (Snake:4)
  An orc knight (D:13)
  14 mana vipers
  2 cyclopes
  2 deep elf magi
  12 ugly things
  A manticore (D:15)
  8 salamanders
  A salamander (shapeshifter) (D:14)
  2 centaur zombies
  23 black mambas
  Joseph (D:7)
  10 naga magi
  3 gargoyles
  2 guardian serpents
  7 spiny frogs
  3 komodo dragons
  Psyche (D:11)
  4 yaktaurs (D:13)
  3 trolls
  A polar bear (Lair:4)
  A hornet (D:9)
  2 bog bodies (Lair:4)
  8 slime creatures
  7 blink frogs
  4 hippogriffs
  A shadow (D:15)
  24 yaks
  3 wyverns
  A water elemental (D:14)
  Grum (D:10)
  A hungry ghost (D:12)
  12 vampire mosquitoes
  16 nagas
  An acid dragon (D:13)
  7 water moccasins
  2 porcupines
  4 orc warriors
  4 ice beasts
  3 black bears
  4 sky beasts
  3 phantoms
  An eye of draining (D:10)
  6 ogres
  3 wolves (D:10)
  10 centaurs
  3 boggarts (D:15)
  3 crocodiles
  2 big kobolds
  15 bullfrogs
  A wyvern skeleton (D:10)
  2 scorpions
  3 killer bees (D:11)
  18 wights
  3 howler monkeys
  4 electric eels (Lair:4)
  2 bullfrog zombies
  4 crimson imps
  10 lava snakes (Snake:2)
  10 orc priests
  2 jellies
  4 centaur skeletons
  7 hounds
  13 orc wizards
  2 bullfrog skeletons
  6 iguanas
  14 worker ants
  3 hound skeletons
  A worker ant zombie (D:11)
  Robin (D:4)
  6 adders
  A shadow imp (D:6)
  4 adder zombies
  2 dart slugs (D:2)
  2 leopard geckos
  38 orcs
  3 ball pythons
  4 giant cockroaches
  12 goblins
  6 hobgoblins
  12 jackals
  12 kobolds
  3 quokkas
  3 bats
  2 frilled lizards
  A leopard gecko skeleton (D:5)
  A quokka skeleton (D:8)
  A quokka zombie (D:8)
  4 rats
  2 fungi
  A plant (Lair:2)
554 creatures vanquished.

Vanquished Creatures (collateral kills)
  A nagaraja (Snake:4)
  A hydra (Lair:2)
  A naga ritualist (Snake:4)
3 creatures vanquished.

Vanquished Creatures (others)
  6 withered plants (D:10)
6 creatures vanquished.

Grand Total: 563 creatures vanquished

Notes
Turn   | Place    | Note
-------+----------+-------------------------------------------
     0 | D:1      | Flugslaktarn the Deep Dwarf Fighter began the quest for the
                  | Orb.
     0 | D:1      | Reached XP level 1. HP: 20/20 MP: 1/1
    95 | D:1      | Reached XP level 2. HP: 24/27 MP: 2/2
   214 | D:2      | Reached skill level 3 in Axes
   217 | D:2      | Reached XP level 3. HP: 23/33 MP: 3/3
   254 | D:3      | Reached XP level 4. HP: 38/42 MP: 3/3
   293 | D:3      | You fall into a shaft and drop 1 floor!
   297 | D:4      | Noticed Robin
   315 | D:4      | Killed Robin
   317 | D:4      | Reached skill level 4 in Axes
   317 | D:4      | Reached XP level 5. HP: 29/49 MP: 4/4
   376 | D:4      | Noticed an ogre
   408 | D:4      | Killed an ogre
   408 | D:4      | Reached XP level 6. HP: 45/56 MP: 5/5
   999 | D:4      | Found a staircase to the Ecumenical Temple.
  1009 | D:4      | Reached skill level 5 in Axes
  1051 | Temple   | Entered the Ecumenical Temple
  1375 | D:5      | Entered Level 5 of the Dungeon
  1375 | D:5      | Found Bemn's Antique Weapon Boutique.
  1395 | D:5      | Found Xisoock's Antique Weapon Boutique.
  1506 | D:5      | Noticed a sky beast
  1530 | D:5      | Killed a sky beast
  1575 | D:5      | Found Qiokocva's Distillery.
  1598 | D:5      | Found a shadowy altar of Dithmenos.
  1617 | D:5      | Reached XP level 7. HP: 41/64 MP: 5/5
  1634 | D:5      | Reached skill level 5 in Armour
  1634 | D:5      | Reached skill level 5 in Shields
  1704 | D:5      | Found a white marble altar of Elyvilon.
  1747 | D:5      | Reached skill level 6 in Axes
  1973 | D:5      | Found Lesaiqev's Weapon Shoppe.
  2012 | D:5      | Found Reminy's Jewellery Emporium.
  2233 | D:6      | Found a blossoming altar of Fedhas.
  2760 | D:6      | Reached XP level 8. HP: 45/73 MP: 6/6
  3340 | D:7      | Reached skill level 7 in Axes
  3401 | D:7      | Found Ukoprad's Assorted Antiques.
  3448 | D:7      | Reached skill level 5 in Fighting
  3507 | D:7      | Reached skill level 8 in Axes
  3857 | D:7      | Gained mutation: You passively map the area around you.
                  | [Deep Dwarf growth]
  3857 | D:7      | Reached XP level 9. HP: 41/82 MP: 6/6
  3939 | D:7      | Noticed Joseph
  3951 | D:7      | Killed Joseph
  3951 | D:7      | Reached skill level 9 in Axes
  4249 | D:8      | Reached skill level 10 in Axes
  4432 | D:8      | Found Ecent's Magic Scroll Boutique.
  4627 | D:8      | Found a stormy altar of Qazlal.
  4788 | D:9      | Found a basalt altar of Yredelemnul.
  4790 | D:9      | Noticed a profane servitor
  4818 | D:9      | Found a radiant altar of Vehumet.
  4818 | D:9      | Noticed a brown ugly thing
  4837 | D:9      | Killed a brown ugly thing
  4837 | D:9      | Reached XP level 10. HP: 47/92 MP: 4/4
  4916 | D:9      | Found a shimmering altar of Xom.
  4916 | D:9      | Found an ornate altar of the Wu Jian Council.
  5048 | D:9      | Reached skill level 11 in Axes
  5133 | D:9      | Found a snail-covered altar of Cheibriados.
  5189 | D:9      | Found a glowing golden altar of the Shining One.
  5224 | D:9      | Paralysed by a hornet for 1 turns
  5396 | D:9      | Found a burning altar of Makhleb.
  5494 | D:9      | Noticed an angel
  5602 | D:9      | Became a worshipper of Makhleb the Destroyer
  5742 | D:5      | Bought a +3 battleaxe of electrocution for 365 gold pieces
  5884 | D:10     | Entered Level 10 of the Dungeon
  6010 | D:10     | Noticed Grum
  6014 | D:10     | Reached skill level 1 in Invocations
  6016 | D:10     | Killed Grum
  6065 | D:10     | Noticed a two-headed ogre
  6076 | D:10     | Killed a two-headed ogre
  6223 | D:10     | Found a staircase to the Lair.
  6245 | D:10     | Found a runed translucent gate.
  6245 | D:10     | Found a runed translucent gate.
  6245 | D:10     | Found a runed translucent gate.
  6246 | D:10     | Noticed sixsigma's ghost (novice MiFi)
  6247 | D:10     | Noticed Flugslaktarn's ghost (novice DDFi)
  6336 | D:10     | Noticed a two-headed ogre
  6339 | D:10     | Noticed a two-headed ogre
  6342 | D:10     | Killed a two-headed ogre
  6342 | D:10     | Reached * piety under Makhleb
  6342 | D:10     | Reached skill level 12 in Axes
  6345 | D:10     | Killed a two-headed ogre
  6405 | D:10     | Reached XP level 11. HP: 66/103 MP: 4/4
  7017 | D:11     | Noticed an unseen horror
  7048 | D:11     | Killed an unseen horror
  7185 | D:11     | Reached skill level 5 in Invocations
  7189 | D:11     | Found a basalt altar of Yredelemnul.
  7318 | D:11     | Noticed Psyche
  7324 | D:11     | Killed Psyche
  7771 | D:12     | Noticed an unseen horror
  7780 | D:12     | Killed an unseen horror
  7780 | D:12     | Reached skill level 13 in Axes
  7780 | D:12     | Reached skill level 10 in Armour
  7783 | D:12     | Reached ** piety under Makhleb
  7784 | D:12     | You fall into a shaft and drop 3 floors!
  7784 | D:15     | Entered Level 15 of the Dungeon
  7784 | D:15     | Found a blossoming altar of Fedhas.
  7893 | D:15     | Noticed a cyan ugly thing
  7893 | D:15     | Noticed a cyan ugly thing
  7893 | D:15     | Noticed a cyan ugly thing
  7894 | D:15     | Noticed an ogre mage
  7900 | D:15     | Noticed a two-headed ogre
  7913 | D:15     | Noticed a two-headed ogre
  7915 | D:15     | Killed a two-headed ogre
  7915 | D:15     | Noticed a two-headed ogre
  7916 | D:15     | Killed a cyan ugly thing
  7916 | D:15     | Noticed a two-headed ogre
  7918 | D:15     | Killed an ogre mage
  7919 | D:15     | Noticed a two-headed ogre
  7920 | D:15     | Killed a red ugly thing
  7925 | D:15     | Killed a two-headed ogre
  7927 | D:15     | Killed a two-headed ogre
  7927 | D:15     | Reached XP level 12. HP: 62/114 MP: 7/7
  7929 | D:15     | Killed a two-headed ogre
  7929 | D:15     | Reached skill level 14 in Axes
  7933 | D:15     | Killed a two-headed ogre
  8075 | D:15     | Noticed a fire giant
  8156 | D:15     | Noticed a five-headed hydra
  8212 | D:14     | Reached *** piety under Makhleb
  8284 | D:14     | Found Tuel's Weapon Shop.
  8298 | D:14     | Reached skill level 15 in Axes
  8449 | D:14     | Found a flickering gateway to a bazaar.
  8529 | Bazaar   | Entered a bazaar
  8529 | Bazaar   | Found Kylie's Assorted Antiques.
  8529 | Bazaar   | Found Sutzou Fuse's Antique Weapon Emporium.
  8533 | Bazaar   | Found Voyll's Food Shoppe.
  8547 | Bazaar   | Found Hofas's Antique Weapon Emporium.
  8555 | Bazaar   | Bought a runed war axe for 175 gold pieces
  8786 | D:14     | Reached skill level 10 in Fighting
  8786 | D:14     | Reached XP level 13. HP: 81/123 MP: 9/9
  8883 | D:14     | Found Zaciv's Book Boutique.
  9009 | D:13     | Reached **** piety under Makhleb
  9161 | D:13     | Found a sacrificial altar of Ru.
  9341 | D:13     | Reached skill level 10 in Invocations
  9439 | D:13     | Found a gate to the Vaults.
  9650 | D:13     | Reached skill level 16 in Axes
  9772 | D:13     | Identified a scroll of acquirement
  9814 | D:12     | Found a runed translucent door.
  9893 | D:12     | Reached ***** piety under Makhleb
  9903 | D:12     | Found a staircase to the Orcish Mines.
  9996 | Lair:1   | Entered Level 1 of the Lair of Beasts
 10148 | Lair:1   | Found a basalt altar of Yredelemnul.
 10843 | Lair:2   | Found a staircase to the Snake Pit.
 11314 | D:5      | Bought the ring of Ecwyif {*Contam AC+3 Str+2 Dex+4 Stlth+}
                  | for 415 gold pieces
 12345 | Lair:3   | Found an opulent altar of Gozag.
 12691 | Lair:4   | Found a staircase to the Swamp.
 12730 | Lair:4   | Found a runed translucent door.
 12733 | Lair:4   | Noticed Siyc's ghost (journeyman DsWn)
 12809 | Lair:4   | Killed Siyc's ghost
 12809 | Lair:4   | Gained mutation: You resist negative energy. (rN+) [Deep
                  | Dwarf growth]
 12809 | Lair:4   | Reached XP level 14. HP: 82/133 MP: 11/11
 12821 | Lair:4   | Gained mutation: Scrolls take you a little longer to read.
                  | [potion of mutation]
 12821 | Lair:4   | Gained mutation: You passively map a large area around you.
                  | [potion of mutation]
 12821 | Lair:4   | Gained mutation: You are clumsy. (Dex -2) [potion of
                  | mutation]
 12821 | Lair:4   | Gained mutation: Your mind is acute. (Int +2) [potion of
                  | mutation]
 12822 | Lair:4   | Lost mutation: Scrolls take you a little longer to read.
                  | [potion of mutation]
 12822 | Lair:4   | Lost mutation: You passively map a large area around you.
                  | [potion of mutation]
 12822 | Lair:4   | Lost mutation: You are clumsy. (Dex -2) [potion of
                  | mutation]
 12822 | Lair:4   | Gained mutation: Your spells are a little harder to cast,
                  | but a little more powerful. [potion of mutation]
 12822 | Lair:4   | Gained mutation: You have supernaturally acute eyesight.
                  | (SInv) [potion of mutation]
 12823 | Lair:4   | Lost mutation: Your mind is acute. (Int +2) [potion of
                  | mutation]
 12823 | Lair:4   | Gained mutation: You are weak. (Str -2) [potion of
                  | mutation]
 12823 | Lair:4   | Gained mutation: You have large cloven feet. [potion of
                  | mutation]
 12823 | Lair:4   | Gained mutation: Your spells are harder to cast, but more
                  | powerful. [potion of mutation]
 12824 | Lair:4   | Lost mutation: You have supernaturally acute eyesight.
                  | (SInv) [potion of mutation]
 12824 | Lair:4   | Lost mutation: You are weak. (Str -2) [potion of mutation]
 12824 | Lair:4   | Lost mutation: Your spells are harder to cast, but more
                  | powerful. [potion of mutation]
 12824 | Lair:4   | Lost mutation: Your spells are a little harder to cast, but
                  | a little more powerful. [potion of mutation]
 12824 | Lair:4   | Gained mutation: You are weak. (Str -2) [potion of
                  | mutation]
 12824 | Lair:4   | Gained mutation: You are partially covered in thin metallic
                  | scales. (AC +2) [potion of mutation]
 13388 | Snake:1  | Entered Level 1 of the Snake Pit
 13682 | Snake:2  | Reached skill level 17 in Axes
 13949 | Snake:2  | Found a runed translucent door.
 13949 | Snake:2  | Noticed Flugslaktarn's ghost (journeyman DDFi)
 14051 | Snake:2  | Killed Flugslaktarn's ghost
 14054 | Snake:2  | Got a translucent pewter ring
 14092 | Snake:2  | Identified the ring "Irusheki" {rF+ rN+ Str-4 Dex+2} (You
                  | found it on level 2 of the Snake Pit)
 14360 | Snake:4  | Entered Level 4 of the Snake Pit
 14460 | Snake:4  | Reached XP level 15. HP: 142/142 MP: 0/13
 14460 | Snake:4  | Reached ****** piety under Makhleb
 14699 | Snake:4  | Noticed a nagaraja
 14715 | Snake:4  | Killed a nagaraja
 14715 | Snake:4  | Reached skill level 18 in Axes
 15058 | Snake:4  | Noticed a nagaraja
 15063 | Snake:4  | Noticed a nagaraja
 15067 | Snake:4  | Killed a nagaraja
 15093 | Snake:4  | Killed a nagaraja
 15107 | Snake:4  | Noticed a nagaraja
 15120 | Snake:4  | Noticed a nagaraja
 15198 | Snake:4  | Killed a nagaraja
 15217 | Snake:4  | Killed a nagaraja
 15304 | Snake:4  | Noticed a nagaraja
 15331 | Snake:4  | HP: 6/145 [nagaraja/bolt of poison (30)]
 15342 | Snake:4  | Killed a nagaraja
 15342 | Snake:4  | Reached skill level 10 in Shields
 15349 | Snake:4  | HP: 6/146 [naga warrior/cursed -2 scimitar (18)]
 15350 | Snake:4  | Slain by a naga warrior

Levels and vault maps discovered:
D:1:      dpeg_arrival_radiant, layout_rooms
D:2:      layout_rooms, gammafunk_temple_overflow_arena, uniq_sigmund
D:3:      layout_loops_ring, kiku_gazebo_pond_becter,
          nicolae_overflow_hidden_temple, biasface_ghost_orc_armoury,
          first_ration, nicolae_ru_the_path_less_chosen
D:4:      layout_loops_ring, minmay_temple_entry_junction, uniq_robin
D:5:      layout_loops_ring, grunt_dithmenos_smoke, elyvilon_altar_3,
          serial_shops, shop, nicolae_shop_statue_plus, shop,
          nicolae_shop_behind_doors, nicolae_shop_waterfront, nrook_mini_vaults
D:6:      layout_layer_cave, lemuel_round_altar, grunt_decor_resistance
D:7:      layout_basic, serial_shops, shop_fountains, uniq_joseph
D:8:      layout_rooms, serial_shops, kennysheep_little_box,
          nicolae_qazlal_general_emergency
D:9:      layout_long_grid, grunt_temple_overflow_holy_war,
          lightli_temple_of_fire, vehumet_statue,
          gammafunk_temple_overflow_wave, basic_altar
D:10:     layout_stronghold, lair_entry_dummy, gammafunk_ghost_cemetery,
          uniq_grum
D:11:     layout_layer_cave, basic_altar, uniq_psyche
D:12:     cheibrodos_histonic, layout_basic, orc_0_dummy, uniq_frances
D:13:     layout_gridville, hangedman_vaults_entry_quadrant_bands, basic_altar
D:14:     layout_irregular_city, kennysheep_decorative_pillar, serial_shops,
          bzr_entry_road, kennysheep_mini_moat, shop
D:15:     grunt_enter_depths_giant_problem, layout_small_grid, fedhas_altar_3
Temple:   jpeg_temple_alley_garden
Lair:1:   layout_regular_city, basic_altar, nicolae_quartered_pool_medium,
          chequers_serial_rivers_room_a
Lair:2:   layout_roguey, dummy_snake_entry, serial_bayou_shore_b,
          grunt_megastairs_5
Lair:3:   layout_cave_pods, lemuel_oklob_altar, lemuel_fruit_fields
Lair:4:   dpeg_oklob_gauntlet, layout_regular_city, skrybe_swamp_entry_bodies,
          hellmonk_ghost_happy_afterlife, chequers_serial_rivers_small_3,
          serial_bayou_lagoon_b
Snake:1:  layout_onion, special_room, st_stairs_5, lemuel_fruit_tree
Snake:2:  layout_grid_shapes, gammafunk_ghost_grave, nicolae_snake_lava_pool,
          minmay_shop_star
Snake:3:  layout_gridlike, nicolae_snake_double_loop, uniq_aizul, uniq_jorgrun
Snake:4:  snake_pit_salamanders_mu, layout_rooms, nicolae_snake_squiggles

Skill      XL: |  1  2  3  4  5  6  7  8  9 10 11 12 13 14 15 |
---------------+----------------------------------------------+-----
Axes           | 3 4 5 6 8 10 12 13 15 16 17 18 | 18.0
Fighting       | 3 4 5 6 8 9 10 11 12 | 12.3
Armour         | 4 5 6 8 9 10 11 12 13 14 | 14.4
Shields        | 4 5 6 8 10 | 10.0
Invocations    | 4 7 9 11 12 14 | 14.0

Action                   |  1- 3 |  4- 6 |  7- 9 | 10-12 | 13-15 || total
-------------------------+-------+-------+-------+-------+-------++-------
Melee: War axe           |    79 |   155 |   394 |    73 |       ||   701
       Battleaxe         |       |       |       |   344 |   119 ||   463
       Broad axe         |       |       |       |       |  1115 ||  1115
Invok: Lesser Servant of |       |       |       |       |     4 ||     4
       Greater Servant o |       |       |       |       |     1 ||     1
 Abil: Heal Wounds       |     1 |     6 |    13 |    18 |    18 ||    56
Evoke: Wand              |       |       |     4 |       |       ||     4
  Use: Scroll            |       |       |     8 |       |    23 ||    31
       Potion            |       |       |       |     2 |    12 ||    14
 Stab: Paralysed         |       |       |    10 |       |       ||    10
       Petrified         |       |       |       |       |     2 ||     2
       Distracted        |       |       |       |       |     1 ||     1
  Eat: Ration            |       |     1 |       |     2 |     2 ||     5
       Chunk             |       |       |    11 |     7 |    17 ||    35
Armor: Scale mail        |    40 |    95 |   183 |    50 |       ||   368
       Plate armour      |       |       |       |   323 |   704 ||  1027
Dodge: Dodged            |    27 |    51 |   127 |   197 |   351 ||   753
Block: Kite shield       |    44 |    90 |   187 |    52 |   586 ||   959

Table legend:
 A = Non-vault XP
 B = Vault XP
 C = Vault XP percentage of total XP
 D = Non-vault monster count
 E = Vault monster count
 F = Vault count percentage of total count
                 A         B        C        D         E       F
            +---------+---------+-------+---------+---------+-------
      Total |  112843 |   35377 |  23.9 |     469 |      85 |  15.3
            +---------+---------+-------+---------+---------+-------
        D:1 |      20 |       0 |   0.0 |      13 |       0 |   0.0
        D:2 |      81 |       0 |   0.0 |      13 |       0 |   0.0
        D:3 |       7 |       0 |   0.0 |       3 |       0 |   0.0
        D:4 |     362 |      38 |   9.5 |       9 |      13 |  59.1
        D:5 |     627 |       0 |   0.0 |      19 |       0 |   0.0
        D:6 |     315 |       0 |   0.0 |      11 |       0 |   0.0
        D:7 |    1411 |     471 |  25.0 |      33 |       1 |   2.9
        D:8 |    1556 |       0 |   0.0 |      31 |       0 |   0.0
        D:9 |    1866 |       0 |   0.0 |      16 |       0 |   0.0
       D:10 |    4412 |     530 |  10.7 |      37 |       4 |   9.8
       D:11 |    2214 |     380 |  14.6 |      17 |       1 |   5.6
       D:12 |    3107 |       0 |   0.0 |      18 |       0 |   0.0
       D:13 |    5859 |    6172 |  51.3 |      28 |      16 |  36.4
       D:14 |   10761 |       0 |   0.0 |      40 |       0 |   0.0
       D:15 |   11641 |       0 |   0.0 |      33 |       0 |   0.0
     Lair:1 |    1003 |       0 |   0.0 |       5 |       0 |   0.0
     Lair:2 |    6546 |     149 |   2.2 |      27 |       1 |   3.6
     Lair:3 |    1671 |       0 |   0.0 |       9 |       0 |   0.0
     Lair:4 |    3906 |    1826 |  31.9 |      14 |       3 |  17.6
    Snake:1 |   10213 |     412 |   3.9 |      14 |       1 |   6.7
    Snake:2 |   15267 |    2283 |  13.0 |      31 |      16 |  34.0
    Snake:3 |    2405 |       0 |   0.0 |       4 |       0 |   0.0
    Snake:4 |   27593 |   23116 |  45.6 |      44 |      29 |  39.7
            +---------+---------+-------+---------+---------+-------
